 Dungeon Crawl Stone Soup version 0.26-a0-670-g578ab304f5 (webtiles) character file.

Game seed: 621589832299396731

23 PentaManta the Ruffian (level 2, -2/26 HPs)
             Began as a Ghoul Berserker on Oct 19, 2020.
             Was a Follower of Trog.
             Slain by a goblin
             ... wielding a +0 club
             ... led by Robin
              (7 damage)
             ... on level 1 of the Dungeon.
             The game lasted 00:01:32 (1169 turns).

PentaManta the Ruffian (Ghoul Berserker)            Turns: 1169, Time: 00:01:32

Health: -2/26      AC:  2    Str: 19    XL:     2   Next: 95%
Magic:  1/1        EV: 11    Int:  3    God:    Trog [*.....]
Gold:   66         SH:  2    Dex:  8    Spells: 1/1 levels left

rFire    . . .     SeeInvis .     - Unarmed
rCold    + . .     Faith    .   f - +0 buckler
rNeg     + + +     Spirit   .   a - +0 animal skin
rPois    ∞         Reflect  .   (no helmet)
rElec    .         Harm     .   (no cloak)
rCorr    .         Rampage  .   (no gloves)
MR       .....                  (no boots)
Stlth    +.........             (no amulet)
HPRegen  0.00/turn              (no ring)
MPRegen  0.07/turn              (no ring)

@: no status effects
A: rotting body, claws 1, cold resistance 1, negative energy resistance 3,
inhibited regeneration, torment resistance, unbreathing
a: Renounce Religion


You were on level 1 of the Dungeon.
You worshipped Trog.
Trog was aware of your devotion.
You visited 1 branch of the dungeon, and saw 2 of its levels.

You collected 66 gold pieces.

Inventory:

Armour
 a - a +0 animal skin (worn)
 d - a +0 plate armour
 f - a +0 buckler (worn)
Scrolls
 b - 2 scrolls of amnesia {unknown}
 e - a scroll of identify {unknown}
Potions
 c - a potion of cancellation {unknown}


   Skills:
 - Level 3.2 Fighting
 - Level 1.7 Armour
 - Level 1.7 Dodging
 + Level 0.0 Shields
 + Level 4.4 Unarmed Combat


You had one spell level left.
You didn't know any spells.
Your spell library was empty.

Dungeon Overview and Level Annotations

Branches:
Dungeon (2/15)

Altars:

Annotations:
D:2 Robin


Innate Abilities, Weirdness & Mutations

Your body is rotting away.
You thrive by killing the living.
You are immune to poison.
You have sharp fingernails.
Your flesh is cold resistant. (rC+)
You are immune to negative energy. (rN+++)
You do not regenerate when monsters are visible.
You are immune to unholy pain and torment.
You can survive without breathing.


Message History

Level annotation: Robin The goblin misses you.
The hobgoblin misses you. The goblin closely misses you.
The goblin hits you with a +0 club.
The goblin hits you with a +0 dagger. x2
The goblin hits you but does no damage. The hobgoblin barely misses you.
There is a stone staircase leading up here.
The goblin hits you with a +0 dagger. The goblin completely misses you.
The goblin hits you with a +0 club. The goblin hits you with a +0 dagger.
* * * LOW HITPOINT WARNING * * *
The hobgoblin barely misses you.
You climb upwards.
There is a stone staircase leading down, spattered with blood here.
Items here: )) ††.
You closely miss the goblin. The goblin barely misses you.
The goblin hits you with a +0 dagger.
* * * LOW HITPOINT WARNING * * *
The goblin hits you but does no damage.
You scratch the goblin but do no damage.
The goblin closely misses you. The goblin hits you but does no damage.
The goblin hits you with a +0 club!
You die...

###.#######.........(.####.#.####
#.........#######.....#....##
#(######..# #...#.......# #.####
#..# #...........# #....# #..#
#..##..#.##.# # #(##.###..#
#..##.)#.##.# # #((.......#
#......#.##.# #
####.####.#######..###......# #
#.# #....g@gg.## ##...### # ###
#.# #######g### ##.....## #
##.###.# ##.g# ##.......###
#...##.########...####.........##
...................>.+.........'.
#...##.######.....####.........##
##.###### #.##.## ##.......##
######.# #.#### ##.....## #.#.##
#.# ##...##


You could see a hobgoblin and 4 goblins.

Vanquished Creatures
  A dart slug (D:1)
  5 goblins (D:1)
  6 hobgoblins (D:1)
  2 bats (D:1)
  A frilled lizard (D:1)
  A kobold (D:1)
  4 rats (D:1)
20 creatures vanquished.

Notes
Turn   | Place    | Note
-------+----------+-------------------------------------------
     0 | D:1      | PentaManta the Ghoul Berserker began the quest for the Orb.
     0 | D:1      | Reached XP level 1. HP: 19/19 MP: 0/0
   413 | D:1      | Reached XP level 2. HP: 26/26 MP: 1/1
   540 | D:1      | Reached skill level 4 in Unarmed Combat
  1003 | D:2      | Noticed Robin
  1169 | D:1      | Slain by a goblin

Illustrated notes

Levels and vault maps discovered:
D:1:      zelgadis_glass_arrival_small, layout_loops_corners, amethyst_killhole
D:2:      layout_loops_ring, nemelex_xobeh_ov_fountains_minmay, uniq_robin,
          uniq_jessica

Skill      XL: |  1  2 |
---------------+-------+-----
Unarmed Combat | 4 |  4.4
Fighting       | |  3.2
Armour         | |  1.7
Dodging        | |  1.7

Action                   || total
-------------------------++-------
Melee: Unarmed           ||    49
Armor: Animal skin       ||     6
Dodge: Dodged            ||    57
Block: Buckler           ||     1

Table legend: (Time is in decaauts)
 A = Elapsed time spent in this place.
 B = Non-inter-level travel time spent in this place.
 C = Inter-level travel time spent in this place.
 D = Time resting spent in this place.
 E = Time spent auto-exploring this place.
 F = Levels seen in this place.
 G = Mean time per level.
                   A        B        C        D        E       F      G
               +--------+--------+--------+--------+--------+-----+--------+
         Total |   1168 |   1074 |     94 |    131 |    826 |   2 |  584.0 |
       Dungeon |   1168 |   1074 |     94 |    131 |    826 |   2 |  584.0 |
               +--------+--------+--------+--------+--------+-----+--------+

Top non-repeatable levels by time:
     D:1: 1161 daAuts
     D:2: 6 daAuts
